 Dungeon Crawl Stone Soup version 0.30-a0-782-ge64f9170bb (webtiles) character file.

Game seed: 16758918359279469500

26 Jane the Ducker (level 3, -2/26 HPs)
             Began as an Octopode Berserker on Feb 22, 2023.
             Was a Follower of Trog.
             Slain by an orc
             ... wielding a +0 trident
              (7 damage)
             ... on level 3 of the Dungeon.
             The game lasted 00:09:11 (2523 turns).

Jane the Ducker (Octopode Berserker)                Turns: 2523, Time: 00:09:12

Health: -2/26      AC:  5    Str: 22 (24) XL:     3   Next: 8%
Magic:  3/3        EV: 13    Int:  8 (9)  God:    Trog [*.....]
Gold:   77         SH:  0    Dex:  8 (11) Spells: 2/2 levels left

rFire   . . .      SeeInvis .    a - +0 falchion
rCold   . . .      Faith    .    (no shield)
rNeg    . . .      Spirit   .    (helmet restricted)
rPois   .          Reflect  .    (no amulet)
rElec   .          Harm     .    i - +6 ring of strength
rCorr   .          Rampage  .    n - +4 ring of protection
Will    .....                    (no ring)
Stlth   ++                       (no ring)
HPRegen 0.24/turn                (no ring)
MPRegen 0.08/turn                (no ring)
                                 (no ring)
                                 (no ring)

@: confused
A: almost no armour, amphibious, 8 rings, camouflage 1, gelatinous body 1,
(nimble swimmer 1), tentacles
a: Renounce Religion, Berserk


You were on level 3 of the Dungeon.
You worshipped Trog.
Trog was aware of your devotion.
You visited 1 branch of the dungeon, and saw 3 of its levels.

You collected 119 gold pieces.
You spent 42 gold pieces at shops.

Inventory:

Hand Weapons
 a - a +0 falchion (weapon)
Jewellery
 i - a +6 ring of strength (left tentacle)
 n - a +4 ring of protection (right tentacle)
Scrolls
 b - a scroll of torment {unknown}
 d - 2 scrolls of teleportation
 e - 2 scrolls of enchant armour {unknown}
 f - a scroll of blinking {unknown}
 g - a scroll of identify {unknown}
 h - a scroll of noise {unknown}
Potions
 c - a potion of degeneration
 j - 2 potions of curing {unknown}
 k - a potion of attraction {unknown}
 l - 2 potions of magic {unknown}
 m - a potion of berserk rage {unknown}
 o - a potion of haste


   Skills:
 + Level 3.4 Fighting
 * Level 0.5(2.1) Short Blades
 - Level 3.2 Long Blades
 + Level 3.4 Dodging


You had 2 spell levels left.
You didn't know any spells.
Your spell library contained the following spells:

 Spells                   Type           Power      Damage    Failure   Level
 Magic Dart               Conj           0%         1d3       41%         1
 Call Imp                 Summ           0%         N/A       54%         2
 Mephitic Cloud           Conj/Pois/Air  0%         N/A       78%         3


Dungeon Overview and Level Annotations

Branches:
Dungeon (3/15)

Altars:
Uskayaw

Shops:
D:1 *


Innate Abilities, Weirdness & Mutations

You cannot wear most types of armour.
You are amphibious.
You can wear up to eight rings at the same time.
Your skin changes colour to match your surroundings (Stealth+).
Your rubbery body absorbs attacks. (AC +1, EV +1)
((You are camouflaged when in or above water. (Stealth+)))
You have tentacles for arms and can constrict up to eight enemies at once.


Message History

An endoplasm comes into view.
The orc barely misses you.
You closely miss the orc priest. You grab the orc priest.
Your squeeze misses the orc priest. You constrict the orc priest.
The orc hits you but does no damage.
The orc priest hits you but does no damage.
You hit the orc priest.
The orc priest is moderately wounded.
You constrict the orc priest. The orc misses you.
The orc hits you from afar with a +0 trident.
The orc priest hits you but does no damage.
An orc wizard comes into view. It is wielding a +0 dagger.
The orc wizard shouts!
You hit the orc priest. Your squeeze misses the orc priest.
The orc priest is heavily wounded.
You constrict the orc priest. The orc closely misses you.
The orc barely misses you.
The orc priest hits you but does no damage.
The orc wizard points at you and mumbles some strange words.
You are confused.
You release your grip on the orc priest.
Found a yellow potion.
The orc hits you but does no damage.
The orc priest hits you with a +0 short sword.
You bump into the rock wall.
The orc hits you with a +0 club. The orc misses you.
The orc priest closely misses you. The orc wizard barely misses you.
You bump into the rock wall.
The orc hits you but does no damage. x2
The orc priest hits you with a +0 short sword.
The orc wizard hits you with a +0 dagger.
You hit the orc wizard.
The orc wizard is lightly wounded.
The orc barely misses you.
The orc hits you from afar with a +0 trident!
* * * LOW HITPOINT WARNING * * *
The orc priest closely misses you.
The orc wizard hits you with a +0 dagger.
* * * LOW HITPOINT WARNING * * *
You bump into the rock wall.
The orc hits you but does no damage.
The orc hits you from afar with a +0 trident!
You die...

######.# #.... .###
#.... .... #... ...
#..###.# #......#
#######...##.#
.....Joo.o!.############
##.####@..#.............
#o.####.####.####. #...#
#.# #.# #. ..#$.# #.#
+.+ #. #.###..
#.#+##.####. ..# ....
#........... .# #..#
#.#'##.####. .. .!#
#.#..#.# #. #.#..+.+ #.


You could see an orc priest, an orc wizard, 2 orcs and an endoplasm.

Vanquished Creatures
  A dart slug (D:1)
  A bat (D:1)
  2 endoplasms
  A giant cockroach (D:1)
  4 goblins
  4 hobgoblins
  3 kobolds
  A quokka (D:1)
  A frilled lizard (D:2)
  2 rats (D:3)
20 creatures vanquished.

Notes
Turn   | Place    | Note
-------+----------+-------------------------------------------
     0 | D:1      | Jane the Octopode Berserker began the quest for the Orb.
     0 | D:1      | Reached XP level 1. HP: 16/16 MP: 1/1
   107 | D:1      | Found Wetugius's General Store.
   120 | D:1      | Reached XP level 2. HP: 21/21 MP: 2/2
   257 | D:1      | Bought a scroll of teleportation for 42 gold pieces
  2392 | D:3      | Found a hide-covered altar of Uskayaw.
  2454 | D:3      | Reached XP level 3. HP: 21/26 MP: 3/3
  2523 | D:3      | Slain by an orc

Illustrated notes

Levels and vault maps discovered:
D:1:      minmay_arrival_plants_in_alcoves, layout_rooms, serial_shops,
          nicolae_shop_waterfront
D:2:      layout_basic, kennysheep_cluttered_room
D:3:      minmay_door_path, layout_loops_ring, eat_drink_and_be_merry_uskayaw,
          fedhas_ov_isle_minmay, uniq_jessica

Action                     || total
---------------------------++-------
  Melee: Falchion          ||    48
         Constrict         ||    13
         Tentacles         ||     7
         Punch             ||     1
 Invoke: Berserk           ||     1
    Use: Potion            ||     2
         Scroll            ||     1
   Stab: Sleeping          ||     1
 Armour: Skin              ||    13
  Dodge: Dodged            ||    53

Table legend: (Time is in decaauts)
 A = Elapsed time spent in this place.
 B = Non-inter-level travel time spent in this place.
 C = Inter-level travel time spent in this place.
 D = Time resting spent in this place.
 E = Time spent auto-exploring this place.
 F = Levels seen in this place.
 G = Mean time per level.
                   A        B        C        D        E       F      G
               +--------+--------+--------+--------+--------+-----+--------+
         Total |   2525 |   1819 |    706 |     30 |   1050 |   3 |  841.7 |
       Dungeon |   2525 |   1819 |    706 |     30 |   1050 |   3 |  841.7 |
               +--------+--------+--------+--------+--------+-----+--------+

Top non-repeatable levels by time:
     D:2: 1689 daAuts
     D:1: 684 daAuts
     D:3: 151 daAuts
